 Dungeon Crawl Stone Soup version 0.24-a0-84-g25a2d9f (webtiles) character file.

582399 mopl the Convoker (level 24, -11/205 HPs)
             Began as a Demigod Summoner on Jan 9, 2019.
             Killed from afar by an orb of fire (37 damage)
             ... with a fireball
             ... on level 5 of the Realm of Zot on Feb 7, 2019.
             The game lasted 06:46:45 (88171 turns).

mopl the Convoker (Demigod Summoner)               Turns: 88171, Time: 06:46:46

Health: -11/205    AC: 21    Str: 21      XL:     24   Next: 22%
Magic:  34/67      EV: 24    Int: 36 (37) God:
Gold:   76         SH: 14    Dex: 19 (20) Spells: 3/55 levels left

rFire    + + .     SeeInvis +   a - +9 demon trident (elec)
rCold    + + +     Gourm    .   D - +0 shield of the Prince {rN++ MR- SInv Stlth+}
rNeg     + + .     Faith    .   r - +4 troll leather armour
rPois    +         Spirit   .   F - +0 hat "Cuuduasch" {*Contam +Blink rPois rF++ rC+++}
rElec    +         Reflect  .   A - +4 cloak of Purpose {rPois}
rCorr    .         Harm     .   S - +2 pair of gloves
MR       ++++.                  x - +0 pair of boots "Qisoig" {Regen+ Str+7 Int+2 Dex+2}
Stlth    +++.......             K - amulet of magic regeneration
HPRegen  1.64/turn              e - ring of Athruhop {MR+ MP+9 Int+2}
MPRegen  0.65/turn              s - ring "Dynudd" {rElec MR+ MP+9 Dex+2, =R}

@: mighty, studying Dodging, lightly drained
A: deterioration 1, high mp 1, magic resistance 1, regeneration 1, weak 2
}: 4/15 runes: decaying, serpentine, slimy, silver
a: Evoke Blink


You were on level 5 of the Realm of Zot.
You were hungry.

You visited 12 branches of the dungeon, and saw 58 of its levels.
You visited the Abyss 2 times.
You visited 1 bazaar.
You also visited: Wizlab.

You collected 10180 gold pieces.
You spent 10104 gold pieces at shops.

Inventory:

Hand Weapons
 a - a +9 demon trident of electrocution (weapon)
Armour
 r - a +4 troll leather armour (worn)
 x - the +0 pair of boots "Qisoig" (worn) {Regen+ Str+7 Int+2 Dex+2}
   (You found it on level 3 of the Crypt)

   It affects your strength (+7).
   It affects your intelligence (+2).
   It affects your dexterity (+2).
   It increases your rate of regeneration.
 A - the +4 cloak of Purpose (worn) {rPois}
   (You acquired it on level 1 of the Lair of Beasts)

   It protects you from poison.
 D - the +0 shield of the Prince (worn) {rN++ MR- SInv Stlth+}
   (You acquired it on level 1 of the Lair of Beasts)

   It greatly protects you from negative energy.
   It affects your resistance to hostile enchantments.
   It lets you see invisible.
   It makes you more stealthy.
 F - the +0 hat "Cuuduasch" (worn) {*Contam +Blink rPois rF++ rC+++}
   (You acquired it on level 1 of the Crypt)

   It greatly protects you from fire.
   It renders you almost immune to cold.
   It protects you from poison.
   It lets you blink.
   It causes magical contamination when unequipped.
 S - a +2 pair of gloves (worn)
Magical Staves
 b - an uncursed staff of summoning {!a}
 y - an uncursed staff of energy {!a}
Jewellery
 e - the ring of Athruhop (left hand) {MR+ MP+9 Int+2}
   (You bought it in a shop on level 2 of the Depths)

   [ring of protection from magic]

   It affects your intelligence (+2).
   It affects your resistance to hostile enchantments.
   It affects your magic capacity (+9).
 s - the ring "Dynudd" (right hand) {rElec MR+ MP+9 Dex+2, =R}
   (You found it on level 3 of the Elven Halls)

   [ring of magical power]

   It affects your dexterity (+2).
   It insulates you from electricity.
   It affects your resistance to hostile enchantments.
   It affects your magic capacity (+9).
 K - an amulet of magic regeneration (around neck)
Wands
 g - a wand of acid (26)
 C - a wand of paralysis (61)
 G - a wand of enslavement (19)
 J - a wand of polymorph (43)
 O - a wand of clouds (4)
 T - a wand of digging (26)
 V - a wand of iceblast (85)
Scrolls
 d - 16 scrolls of teleportation
 h - 25 scrolls of remove curse
 q - 3 scrolls of holy word
 t - 2 scrolls of blinking
 B - 7 scrolls of magic mapping
 P - 8 scrolls of fog
 R - 6 scrolls of summoning
 U - 6 scrolls of fear
 W - 9 scrolls of vulnerability
Potions
 j - 3 potions of cancellation
 l - 6 potions of might
 m - 8 potions of ambrosia
 o - 2 potions of mutation {!q}
 p - 20 potions of curing
 v - 8 potions of brilliance
 z - 8 potions of agility
 E - 6 potions of invisibility
 I - 15 potions of flight
 L - a potion of resistance
 M - 7 potions of lignification {!q}
 Y - 3 potions of haste
 Z - 4 potions of magic
Books
 Q - a manual of Dodging
Miscellaneous
 f - the horn of Geryon
 i - a crystal ball of energy
 k - 4 phantom mirrors
 n - a lightning rod (4/4)
 u - 6 boxes of beasts
 w - a lamp of fire
 H - a fan of gales
 N - a phial of floods
 X - 6 sacks of spiders
Comestibles
 c - 44 rations


   Skills:
 + Level 14.8 Fighting
 - Level 14.0(13.9) Polearms
 + Level 13.6(13.5) Armour
 + Level 14.4(14.3) Dodging
 - Level 1.7 Stealth
 + Level 13.7 Shields
 - Level 16.0(15.9) Spellcasting
 - Level 6.0(5.9) Hexes
 - Level 3.0(2.9) Charms
 - Level 18.0(17.9) Summonings
 - Level 11.1(11.0) Necromancy
 - Level 3.0(2.9) Translocations
   Level 4.1(4.0) Ice Magic
 - Level 4.0(3.9) Air Magic
 - Level 3.0(2.9) Earth Magic
 * Level 13.1(13.0) Evocations


You had 3 spell levels left.
You knew the following spells:

 Your Spells              Type           Power        Failure   Level  Hunger
a - Apportation           Tloc           #####.       1%          1    None
b - Shadow Creatures      Summ           N/A          1%          6    None
d - Summon Demon          Summ           ########..   1%          5    None
e - Blink                 Tloc           N/A          1%          2    None
f - Summon Lightning Spi  Summ/Air       #######.     1%          4    None
g - Summon Guardian Gole  Hex/Summ       #######.     1%          3    None
h - Summon Hydra          Summ           ########..   1%          7    ####...
m - Summon Mana Viper     Hex/Summ       #######.     1%          5    None
r - Regeneration          Chrm/Necr      ######....   1%          3    None
v - Borgnjor's Vile Clut  Necr/Erth      ######....   2%          5    None
w - Sublimation of Blood  Necr           #######...   1%          2    None
x - Animate Dead          Necr           N/A          1%          4    None
A - Aura of Abjuration    Summ           ########..   1%          5    None

Your spell library contained the following spells:

 Spells                   Type           Power        Failure   Level  Hunger
 Summon Butterflies       Summ           ########     0%          1    None
 Summon Small Mammal      Summ           ####         0%          1    None
 Call Imp                 Summ           ########     0%          2    None
 Call Canine Familiar     Summ           ########     0%          3    None
 Animate Skeleton         Necr           N/A          1%          1    None
 Beastly Appendage        Tmut           ####..       1%          1    None
 Confusing Touch          Hex            ######       1%          1    None
 Corona                   Hex            ######.      1%          1    None
 Flame Tongue             Conj/Fire      ####.        1%          1    None
 Infusion                 Chrm           ####         1%          1    None
 Magic Dart               Conj           ####         1%          1    None
 Pain                     Necr           ####         1%          1    None
 Sandblast                Erth           ######       1%          1    None
 Shock                    Conj/Air       ####         1%          1    None
 Sting                    Conj/Pois      ####         1%          1    None
 Ensorcelled Hibernation  Hex/Ice        ######       1%          2    None
 Poisonous Vapours        Pois/Air       #####.       1%          2    None
 Shroud of Golubria       Chrm/Tloc      #####.....   1%          2    None
 Slow                     Hex            ######..     1%          2    None
 Song of Slaying          Chrm           ######..     1%          2    None
 Throw Frost              Conj/Ice       #####.       1%          2    None
 Confuse                  Hex            ######..     1%          3    None
 Dazzling Spray           Conj/Hex       ######       1%          3    None
 Gell's Gravitas          Tloc           #####.....   1%          3    None
 Inner Flame              Hex/Fire       ######..     1%          3    None
 Lesser Beckoning         Tloc           #####.....   1%          3    None
 Portal Projectile        Hex/Tloc       ######       1%          3    None
 Recall                   Summ/Tloc      N/A          1%          3    None
 Spectral Weapon          Hex/Chrm       ######..     1%          3    None
 Tukima's Dance           Hex            ######..     1%          3    None
 Vampiric Draining        Necr           #######...   1%          3    None
 Searing Ray              Conj           ####..       2%          2    None
 Sticks to Snakes         Tmut           ####....     2%          2    None
 Stone Arrow              Conj/Erth      #####.       2%          3    None
 Mephitic Cloud           Conj/Pois/Air  #####...     3%          3    None
 Conjure Flame            Conj/Fire      ####....     4%          3    None
 Ignite Poison            Fire/Tmut/Pois ####....     4%          3    None
 Spider Form              Tmut/Pois      ####......   4%          3    None
 Cause Fear               Hex            ######....   1%          4    None
 Summon Ice Beast         Ice/Summ       #######.     1%          4    None
 Summon Forest            Summ/Tloc      #######...   1%          5    None
 Leda's Liquefaction      Hex/Erth       ######....   2%          4    None
 Bolt of Draining         Conj/Necr      ######....   4%          5    None
 Metabolic Englaciation   Hex/Ice        ######....   6%          5    None
 Silence                  Hex/Air        ######....   6%          5    None
 Ice Form                 Ice/Tmut       #####...     7%          4    None
 Petrify                  Tmut/Erth      #####...     9%          4    None
 Simulacrum               Ice/Necr       ######....   12%         6    None
 Lee's Rapid Deconstruct  Erth           ######....   14%         5    None
 Yara's Violent Unravell  Hex/Tmut       ######....   14%         5    None
 Olgreb's Toxic Radiance  Pois           ####....     17%         4    None
 Sticky Flame             Conj/Fire      ####....     17%         4    None
 Darkness                 Hex            ######....   22%         6    None
 Invisibility             Hex            ######..     22%         6    None
 Iskenderun's Battlesphe  Conj/Chrm      #####...     26%         5    None
 Bolt of Magma            Conj/Fire/Erth #####.....   30%         5    None
 Spellforged Servitor     Conj/Summ      #######...   34%         7    ####...
 Alistair's Intoxication  Tmut/Pois      ####....     43%         5    None
 Blade Hands              Tmut           ####......   43%         5    None
 Fireball                 Conj/Fire      ####......   43%         5    None
 Irradiate                Conj/Tmut      ####......   43%         5    None
 Venom Bolt               Conj/Pois      ####......   43%         5    None
 Deflect Missiles         Chrm/Air       ######....   52%         6    None
 Freezing Cloud           Conj/Ice/Air   #####.....   65%         6    None
 Dragon's Call            Summ           ########..   71%         9    #######
 Conjure Ball Lightning   Conj/Air       #####.....   75%         6    None
 Iron Shot                Conj/Erth      #####.....   80%         6    None
 Statue Form              Tmut/Erth      #####....    80%         6    None
 Bolt of Fire             Conj/Fire      ####......   95%         6    None
 Hydra Form               Tmut           ####......   95%         6    None
 Poison Arrow             Conj/Pois      ####......   95%         6    None
 Dragon Form              Tmut           ####......   100%        7    ####...
 Orb of Destruction       Conj           ####......   100%        7    ####...
 Ring of Flames           Chrm/Fire      #####.....   100%        7    ####...
 Chain Lightning          Conj/Air       #####.....   100%        8    #####..
 Discord                  Hex            ######....   100%        8    #####..
 Ignition                 Fire           ####......   100%        8    #####..
 Lehudib's Crystal Spear  Conj/Erth      #####.....   100%        8    #####..
 Fire Storm               Conj/Fire      ####......   100%        9    #######
 Glaciate                 Conj/Ice       #####.....   100%        9    #######


Dungeon Overview and Level Annotations

Branches:
Dungeon (15/15)            Temple (0/1) D:5            Lair (6/6) D:11
  Swamp (4/4) Lair:3        Snake (4/4) Lair:3        Slime (5/5) Lair:5
    Orc (2/2) D:10            Elf (3/3) Orc:2        Vaults (5/5) D:14
  Crypt (3/3) Vaults:2       Tomb (0/3) Crypt:3      Depths (5/5) D:15
   Hell (1/1)                 Dis (0/7) Hell            Geh (0/7) Hell
    Coc (0/7) Hell            Tar (0/7) Hell            Zot (5/5) Depths:5

Shops:
D:5 *   D:10 (   D:13 :*   Orc:2 }!([   Elf:2 :   Snake:1 }((:}   Vaults:1 *
Vaults:3 }   Vaults:5 (   Depths:1 }}=

Portals:
Hell: Depths:1 Depths:2 Depths:3 Depths:4 Depths:5
Abyss: Depths:3 Depths:4
Pandemonium: Depths:3
Ziggurat: Depths:2

Annotations:
Elf:2 3 runed doors
Zot:5 1 exclusion


Innate Abilities, Weirdness & Mutations

You have an increased reservoir of magic. (+10% MP)
Your body sometimes deteriorates upon taking damage.
You are resistant to hostile enchantments. (MR+)
Your natural rate of healing is unusually fast.
You are very weak. (Str -4)


Message History

Strange energies course through your body.
You feel weaker.
Your storm dragon bites the orb of fire but does no damage.
Your storm dragon claws the orb of fire.
Your storm dragon completely misses the orb of fire.
The moth of wrath bites you!
* * * LOW HITPOINT WARNING * * *
Unknown command.
Casting: Blink (safe; 1% risk of failure)
Confirm with . or Enter, or press ? or * to list all spells.
You blink.
The orb of fire glows yellow.
The fireball explodes!
The fireball engulfs you!! You resist.
* * * LOW HITPOINT WARNING * * *
The orb of fire glows bright magenta.
The bolt of fire hits you! You resist.
* * * LOW HITPOINT WARNING * * *
The orb of fire glows yellow.
The fireball explodes!
The fireball engulfs you!!! You resist.
You die...

,,,,,,** **,,,,,,,,,,,,,,,,**
,,,,,,,* **,,,,,,,,,,,,,,**
******** **************** ,,,,,*
,,,,,* ,.############# #####
,.........#...# #...#
,.........#D*.###...######### #
,........)y§*)..@...§§d..*8.# ###
*##...#...##*..#..≈§§§§####<###..
##**#...##...#.≈§§§§≈.###d.....
###...######§≈≈§§§≈≈..**H....
#.....# #≈§§≈≈≈≈.....H...#
#.....# #≈§≈≈§≈§≈....#####
#.....# #≈≈≈≈≈≈§≈###.# ###...#
#.§§§≈§.§# #.# #...#
**≈≈≈≈§§.###.#


You could see 3 orbs of fire, a moth of wrath and a friendly storm dragon.

Vanquished Creatures
  the Royal Jelly (Slime:5)
  An ancient lich (WizLab)
  The ghost of Uwuciki the Slayer, a legendary GrWr of Okawaru (Zot:4)
  Frederick (Vaults:5)
  A caustic shrike (Depths:4)
  2 curse toes (Zot:2)
  3 golden dragons (Depths:5)
  Jory (Crypt:3)
  2 electric golems
  3 liches
  2 tentacled monstrosities
  An Orb Guardian (Zot:4)
  9 acid blobs (Slime:5)
  2 titans
  Murray (Hell)
  A quicksilver dragon (Zot:2)
  3 sphinxes
  A thorn hunter (Swamp:2)
  2 ancient champions (Depths:1)
  5 shadow dragons
  3 tengu reavers (Vaults:5)
  4 draconian monks
  4 nagarajas
  2 revenants
  7 storm dragons
  7 fire giants
  3 deep elf sorcerers
  5 azure jellies
  5 frost giants
  5 draconian knights
  2 draconian scorchers
  9 vault wardens
  A ghoul (Crypt:2)
  2 ghost moths
  A draconian shifter (Zot:3)
  A curse skull (Vaults:2)
  4 deep elf elementalists
  4 ironheart preservers
  16 very ugly things
  3 reapers
  2 war gargoyles (Hell)
  A draconian annihilator (Zot:1)
  2 entropy weavers
  A vampire knight (Crypt:3)
  9 stone giants
  4 green draconians
  2 deep elf demonologists (Elf:3)
  7 black draconians
  4 white draconians
  3 yellow draconians
  2 lorocyprocas (Depths:1)
  3 deep elf annihilators
  7 purple draconians
  4 red draconians
  6 spark wasps
  5 death oozes (Slime:5)
  An eidolon (Crypt:2)
  5 deep elf death magi
  7 ettins
  A blizzard demon (Hell)
  A fire dragon (Zot:1)
  A merfolk javelineer (Depths:3)
  10 yaktaur captains
  A crystal guardian (Abyss:2)
  7 jiangshi
  4 great orbs of eyes
  Erolcha (Orc:1)
  17 vault guards
  A deep elf high priest (Depths:2)
  6 ice dragons
  2 ghost crabs
  A rakshasa (Depths:4)
  5 naga warriors
  6 hydras
  10 ogre magi
  4 death knights
  8 centaur warriors
  2 anacondas
  6 dancing weapons
  4 deep troll shamans
  7 alligators
  A death yak (Lair:5)
  3 tengu warriors
  25 two-headed ogres
  4 vampire magi
  5 deep troll earth magi
  8 naga sharpshooters
  An orc high priest (Orc:2)
  2 shock serpents
  A spriggan berserker (Depths:2)
  A storm dragon zombie (Abyss:2)
  8 deep elf knights
  4 sun demons (Hell)
  2 iron trolls
  2 iron golems
  5 soul eaters
  27 skeletal warriors
  8 hell knights
  3 salamander mystics
  A spriggan druid (Swamp:4)
  3 shadow wraiths
  A deep troll (shapeshifter) (D:11)
  A glowing orange brain (Abyss:3)
  7 flayed ghosts
  2 wizards
  A swamp dragon (shapeshifter) (Vaults:2)
  13 deep trolls
  An anaconda skeleton (Hell)
  3 swamp dragons (Swamp:4)
  A naga ritualist (Snake:4)
  3 phantasmal warriors
  9 ironbrand convokers
  9 deep elf archers
  7 orc knights
  2 wolf spider zombies (D:12)
  A harpy (Vaults:3)
  7 necromancers
  An orb spider (shapeshifter) (Vaults:1)
  9 mana vipers
  A shadow dragon skeleton (Depths:3)
  22 ugly things
  A shining eye (Slime:5)
  A faun (shapeshifter) (Depths:3)
  38 deep elf magi
  A wolf spider (shapeshifter) (Depths:5)
  A fire giant zombie (Hell)
  5 salamanders
  A salamander (shapeshifter) (Vaults:1)
  An orc sorcerer (Vaults:1)
  A cyclops (shapeshifter) (Vaults:5)
  A dire elephant zombie (Crypt:1)
  A guardian serpent (Snake:4)
  12 moths of wrath
  A frost giant skeleton (Depths:3)
  2 stone giant skeletons
  A fire giant skeleton (Vaults:4)
  A human skeleton (Vaults:1)
  2 centaur zombies
  4 rust devils
  7 vault sentinels
  An eye of devastation (Slime:4)
  An apocalypse crab (Abyss:2)
  11 naga magi
  A smoke demon (Abyss:2)
  An ice statue (Hell)
  10 spiny frogs
  15 black mambas
  A human zombie (Vaults:1)
  An orange demon (Depths:1)
  4 spectral swamp worms (Depths:3)
  2 yaktaur zombies
  A komodo dragon (shapeshifter) (Depths:5)
  7 komodo dragons
  2 rime drakes (Swamp:4)
  7 freezing wraiths
  A kobold demonologist (Elf:1)
  4 ice devils
  21 yaktaurs
  A yaktaur (shapeshifter) (Depths:5)
  An ancient zyme (Abyss:2)
  A red devil (Hell)
  3 tyrant leeches
  6 tengu conjurers
  A jumping spider (Vaults:3)
  11 trolls
  2 wind drakes (shapeshifter)
  4 polar bears
  4 blink frogs
  2 ettin zombies
  A hornet (shapeshifter) (Depths:2)
  A harpy skeleton (Hell)
  A raiju (shapeshifter) (Vaults:1)
  A slime creature (shapeshifter) (Vaults:4)
  27 slime creatures
  12 hornets
  A stone giant simulacrum (Hell)
  2 raiju (Abyss:2)
  2 dream sheep
  2 blink frogs (shapeshifter) (Vaults:1)
  A fire dragon zombie (Crypt:2)
  6 bog bodies
  8 hippogriffs
  An ice dragon skeleton (Crypt:2)
  A fire giant simulacrum (Vaults:1)
  4 redbacks
  3 vampires (WizLab)
  A tarantella (Vaults:5)
  3 air elementals
  28 flying skulls
  A redback (shapeshifter) (Vaults:5)
  10 spriggans
  6 shadows
  An alligator skeleton (Hell)
  6 water elementals
  3 wyverns
  6 fire elementals
  A human (shapeshifter) (Vaults:1)
  6 wraiths
  19 yaks
  A ynoxinul (Abyss:2)
  A black mamba skeleton (Crypt:1)
  2 hogs (Snake:3)
  A golden eye (shapeshifter) (Depths:5)
  4 basilisks
  2 hungry ghosts
  9 vampire mosquitoes
  4 neqoxecs (Abyss:2)
  A steam dragon (D:11)
  5 two-headed ogre zombies (WizLab)
  A yaktaur simulacrum (Vaults:2)
  5 swamp worms
  A faun zombie (Crypt:1)
  5 insubstantial wisps (Swamp:3)
  18 nagas
  4 wargs
  2 acid dragons (Vaults:1)
  A naga (shapeshifter) (Elf:1)
  An acid dragon (shapeshifter) (Vaults:1)
  6 water moccasins
  3 large abominations
  5 small abominations
  10 porcupines
  8 hell hounds
  A floating eye (Depths:5)
  A sky beast (D:10)
  31 orc warriors
  4 swamp drakes
  An elf zombie (Vaults:4)
  3 ice beasts
  2 black bears
  3 starcursed masses (Abyss:2)
  40 wolves
  An ettin simulacrum (Depths:1)
  2 eyes of draining
  21 ogres
  4 boggarts
  2 phantoms
  A necrophage (Crypt:3)
  A hog zombie (Crypt:1)
  2 centaurs
  2 crocodiles
  5 earth elementals
  3 yaktaur skeletons
  15 bullfrogs
  2 gnoll sergeants
  A glowing shapeshifter simulacrum (Vaults:2)
  A wyvern skeleton (D:8)
  2 troll zombies (WizLab)
  2 scorpions
  Dowan (D:4)
  4 killer bees
  10 wights
  A human simulacrum (Vaults:2)
  A polar bear skeleton (Crypt:2)
  2 electric eels (Lair:3)
  4 howler monkeys
  A crimson imp (D:14)
  2 bullfrog zombies
  A quasit (Abyss:2)
  3 jellies
  24 orc priests
  A basilisk zombie (Crypt:2)
  5 centaur skeletons
  8 hounds
  21 orc wizards
  3 bullfrog skeletons
  2 iguanas
  10 worker ants
  A big kobold skeleton (Crypt:1)
  4 ogre zombies (WizLab)
  A hound skeleton (D:8)
  2 howler monkey zombies
  9 gnolls
  10 adders
  2 shadow imps
  A white imp (Hell)
  An ufetubus (Abyss:2)
  An ooze (D:1)
  An adder zombie (D:6)
  An adder skeleton (Crypt:1)
  4 dart slugs
  8 leopard geckos
  79 orcs
  2 giant cockroaches
  7 hobgoblins
  11 jackals
  6 kobolds
  3 quokkas
  10 bats
  10 frilled lizards
  10 goblins
  A hobgoblin zombie (Crypt:2)
  A leopard gecko skeleton (D:6)
  6 rats
  A plant (Lair:1)
1450 creatures vanquished.

Vanquished Creatures (collateral kills)
  3 orbs of fire (Zot:5)
  Mennas (Depths:3)
  Sojobo (Vaults:5)
  Saint Roka (Orc:2)
  A caustic shrike (Depths:5)
  8 golden dragons
  Geryon (Hell)
  A profane servitor (Crypt:3)
  2 bone dragons
  13 tentacled monstrosities
  2 Orb Guardians (Zot:5)
  2 deep elf blademasters (Elf:2)
  The ghost of Titucsi the Tortoise, an adept GrFi of Makhleb (Vaults:2)
  5 titans
  6 quicksilver dragons
  2 deep elf master archers (Elf:3)
  3 liches
  Asterion (Elf:1)
  4 ancient champions
  A sphinx (Depths:5)
  Kirke (Snake:3)
  4 acid blobs
  4 death cobs
  Agnes (D:14)
  10 tengu reavers
  6 storm dragons
  6 shadow dragons
  2 thorn hunters
  2 revenants
  Roxanne (Snake:3)
  2 draconian monks
  An azure jelly (Slime:2)
  4 nagarajas (Snake:4)
  A ghost moth (Zot:2)
  The ghost of Thaneod the Severer, an adept VSFi of Trog (Swamp:4)
  4 draconian scorchers
  A draconian knight (Zot:1)
  7 fire giants
  2 cacodemons
  5 deep elf elementalists
  6 deep elf sorcerers
  5 vault wardens
  4 frost giants
  An iron dragon (Depths:5)
  3 draconian stormcallers
  2 draconian annihilators (Zot:2)
  4 ghouls
  8 ironheart preservers
  3 draconian shifters
  3 spriggan defenders
  2 reapers
  6 stone giants
  25 very ugly things
  8 vampire knights
  5 deep elf demonologists
  8 red draconians
  Azrael (D:12)
  2 black draconians (Zot:1)
  3 deep elf annihilators
  7 white draconians
  5 yellow draconians
  5 spark wasps
  3 purple draconians
  An ettin (shapeshifter) (Vaults:5)
  7 deep elf death magi
  A green death (Abyss:2)
  A blizzard demon (Hell)
  3 eidola
  4 ettins
  A quicksilver dragon zombie (Crypt:2)
  14 jiangshi
  A deep elf high priest (Elf:3)
  8 yaktaur captains
  Fannar (Orc:1)
  8 fire dragons
  A hydra (shapeshifter) (Vaults:5)
  5 rakshasas
  A great orb of eyes (Slime:5)
  11 vault guards
  A ghost crab (Swamp:2)
  16 hydras
  4 ice dragons
  2 centaur warriors
  2 anacondas
  10 naga warriors
  3 shambling mangroves
  3 death knights
  A catoblepas (D:14)
  9 alligators
  A spriggan air mage (Depths:2)
  19 two-headed ogres
  7 deep troll shamans
  8 dancing weapons
  2 death yaks (Lair:5)
  A two-headed ogre (shapeshifter) (Depths:1)
  4 ogre magi
  7 tengu warriors
  2 deep troll earth magi
  3 vampire magi
  5 spriggan berserkers
  10 naga sharpshooters (Snake:4)
  2 shock serpents
  6 thrashing horrors (Abyss:2)
  3 hell knights
  A soul eater (Hell)
  A titan skeleton (Depths:3)
  5 deep elf knights
  A sixfirhy (Hell)
  10 skeletal warriors
  2 shadow wraiths (Crypt:3)
  2 iron trolls (Depths:1)
  4 unseen horrors
  16 deep trolls
  A spectral anaconda (Crypt:3)
  A golden dragon zombie (Crypt:1)
  An anaconda zombie (Hell)
  A naga ritualist (Snake:4)
  4 flayed ghosts
  7 swamp dragons
  A wizard (Elf:1)
  6 spriggan druids
  3 deep elf archers
  8 orc knights
  A tengu zombie (Depths:3)
  2 phantasmal warriors (Vaults:4)
  Pikel (D:8)
  4 mana vipers
  An ironbrand convoker (Vaults:5)
  4 harpies (Vaults:3)
  2 shining eyes
  4 necromancers
  7 orc sorcerers
  34 ugly things
  12 deep elf magi
  A cyclops (D:12)
  2 manticores (shapeshifter)
  A shining eye (shapeshifter) (Vaults:3)
  3 salamanders
  2 guardian serpents (Snake:4)
  7 moths of wrath
  2 vault sentinels
  A guardian serpent (shapeshifter) (Depths:5)
  An ice statue (Hell)
  13 naga magi
  A frost giant skeleton (Vaults:4)
  5 rust devils (Hell)
  An eye of devastation (Abyss:2)
  9 black mambas
  2 smoke demons (Abyss:2)
  7 komodo dragons
  3 large abominations
  2 rime drakes
  6 spiny frogs
  A spectral swamp worm (Depths:3)
  13 yaktaurs
  4 freezing wraiths
  An efreet (D:14)
  2 anaconda simulacra
  4 tengu conjurers
  A hydra zombie (Hell)
  An ancient zyme (Abyss:2)
  2 trolls
  A silent spectre (Abyss:2)
  A hydra skeleton (Abyss:2)
  2 polar bears (Lair:6)
  6 tyrant leeches
  3 hippogriffs
  A raiju (D:11)
  8 hornets
  33 slime creatures
  9 blink frogs
  4 dream sheep (Lair:5)
  A dream sheep (shapeshifter) (Vaults:5)
  4 bog bodies
  25 flying skulls
  4 vampires
  4 wraiths
  8 shadows
  15 spriggans
  5 water elementals
  19 yaks
  A ynoxinul (Abyss:2)
  2 hogs (Snake:3)
  5 wyverns
  A hungry ghost (D:10)
  2 black mamba skeletons (Crypt:2)
  4 fire elementals
  2 chaos spawn (Abyss:2)
  A basilisk (Lair:1)
  13 vampire mosquitoes
  A warg (D:15)
  23 nagas
  A spiny frog zombie (Hell)
  8 swamp worms
  3 insubstantial wisps (Swamp:3)
  An acid dragon (Vaults:2)
  3 two-headed ogre zombies (WizLab)
  3 hell hounds
  3 water moccasins
  2 porcupines (Lair:1)
  8 swamp drakes
  Duvessa (D:4)
  A black bear (D:8)
  25 orc warriors
  A swamp dragon zombie (Crypt:2)
  An eye of draining (shapeshifter) (Depths:3)
  A slave (D:8)
  A spiny frog skeleton (Hell)
  16 ogres
  A phantom (D:4)
  8 necrophages
  5 small abominations
  An elf simulacrum (Depths:3)
  33 wolves
  7 boggarts
  4 centaurs
  3 crocodiles
  A yaktaur zombie (Crypt:2)
  2 big kobolds (D:8)
  5 elf zombies (Elf:3)
  4 bullfrogs
  An earth elemental (Elf:1)
  A wyvern zombie (D:12)
  A troll zombie (WizLab)
  10 wights
  14 killer bees
  4 howler monkeys
  2 electric eels (D:8)
  A crimson imp (D:6)
  A bullfrog zombie (D:12)
  2 jellies
  2 starcursed masses (Abyss:2)
  2 centaur zombies (D:12)
  A hound (D:8)
  3 quasits
  A bullfrog skeleton (D:6)
  13 orc priests
  A centaur skeleton (D:5)
  11 orc wizards
  An iguana (D:12)
  4 worker ants
  3 ogre zombies (WizLab)
  Robin (D:2)
  7 gnolls
  A howler monkey skeleton (D:8)
  10 adders
  2 shadow imps
  An ooze (D:5)
  A worm (shapeshifter) (Elf:2)
  2 worms
  3 leopard geckos
  63 orcs
  2 bats (D:2)
  A giant cockroach (D:2)
  9 goblins
  5 hobgoblins
  7 jackals
  2 quokkas
  3 frilled lizards
  5 kobolds
  An orc skeleton (Crypt:1)
  3 rats
  A river rat skeleton (Crypt:2)
  3 fungi
  A plant (D:11)
1261 creatures vanquished.

Vanquished Creatures (others)
  A fire giant (Depths:2)
  A stone giant (Depths:5)
  4 jiangshi (Crypt:3)
  A vault guard (Vaults:5)
  A hydra (Swamp:3)
  A death knight (Crypt:2)
  A death yak (Lair:2)
  A deep elf knight (Elf:2)
  A quicksilver dragon simulacrum (Hell)
  A storm dragon skeleton (Hell)
  A flayed ghost (Depths:2)
  A deep elf mage (Elf:2)
  A frost giant zombie (Hell)
  2 rust devils (Hell)
  2 naga magi (Snake:4)
  A hellion (Hell)
  A hydra zombie (Hell)
  A tyrant leech (Swamp:4)
  A slime creature (Swamp:4)
  A large abomination (Crypt:3)
  A spriggan (Swamp:4)
  A vampire mosquito (D:12)
  A hell hound (Hell)
  2 spiny frog zombies (Hell)
  An alligator simulacrum (Hell)
  An orc wizard (Orc:2)
  An orc (D:6)
  A quokka (D:6)
  14 fungi
  A lurking horror (Abyss:2)
  4 plants
53 creatures vanquished.

Grand Total: 2764 creatures vanquished

Notes
Turn   | Place    | Note
-------+----------+-------------------------------------------
     0 | D:1      | mopl the Demigod Summoner began the quest for the Orb.
     0 | D:1      | Reached XP level 1. HP: 14/14 MP: 5/5
   335 | D:1      | Reached skill level 2 in Spellcasting
   367 | D:1      | Reached XP level 2. HP: 12/20 MP: 5/7
   495 | D:1      | Learned a level 2 spell: Call Imp
   687 | D:1      | Reached skill level 4 in Summonings
  1291 | D:1      | Reached XP level 3. HP: 21/26 MP: 9/9
  1529 | D:1      | Learned a level 3 spell: Call Canine Familiar
  1677 | D:2      | Found a sparkling altar of Nemelex Xobeh.
  2568 | D:2      | Reached skill level 3 in Spellcasting
  2568 | D:2      | Reached XP level 4. HP: 26/33 MP: 2/11
  2976 | D:2      | Found a faded altar of an unknown god.
  3083 | D:2      | Found a bloodstained altar of Trog.
  3094 | D:2      | Found a deep blue altar of Sif Muna.
  3281 | D:2      | Found a blossoming altar of Fedhas.
  3282 | D:2      | Noticed Robin
  3321 | D:2      | Killed Robin
  3664 | D:3      | Found a hide-covered altar of Uskayaw.
  3664 | D:3      | Noticed a +0 dagger
  3664 | D:3      | Noticed a +0 hand axe
  3787 | D:3      | Found a stormy altar of Qazlal.
  3788 | D:3      | Noticed an earth elemental
  3789 | D:3      | Noticed an air elemental
  3789 | D:3      | Noticed a fire elemental
  3789 | D:3      | Noticed a water elemental
  4088 | D:3      | Reached XP level 5. HP: 24/38 MP: 7/13
  4100 | D:3      | Learned a level 4 spell: Summon Ice Beast
  4413 | D:3      | Reached skill level 5 in Summonings
  4747 | D:4      | Noticed Dowan
  4748 | D:4      | Noticed Duvessa
  4769 | D:4      | Killed Dowan
  4769 | D:4      | Reached skill level 1 in Ice Magic
  5317 | D:4      | Reached XP level 6. HP: 15/45 MP: 15/15
  5618 | D:4      | Found an ancient bone altar of Kikubaaqudgha.
  5666 | D:4      | Reached skill level 4 in Spellcasting
  5809 | D:4      | Found a shattered altar of Ashenzari.
  5849 | D:4      | Reached skill level 2 in Ice Magic
  6566 | D:5      | Entered Level 5 of the Dungeon
  6633 | D:5      | Found a staircase to the Ecumenical Temple.
  6829 | D:5      | Found Wiofih's Assorted Antiques.
  6840 | D:5      | Reached XP level 7. HP: 47/50 MP: 17/17
  6843 | D:5      | Bought a ruby potion for 23 gold pieces
  6843 | D:5      | Bought a scroll labeled PUECOON ISTRUSU for 26 gold pieces
  6843 | D:5      | Bought a scroll labeled RIOTTOIDWU for 26 gold pieces
  6843 | D:5      | Bought a scroll labeled PUECOON ISTRUSU for 26 gold pieces
  6843 | D:5      | Bought a scroll of identify for 52 gold pieces
  6854 | D:5      | Found a radiant altar of Vehumet.
  7557 | D:5      | Reached skill level 3 in Ice Magic
  7699 | D:5      | Reached skill level 6 in Summonings
  7944 | D:4      | Found an ancient bone altar of Kikubaaqudgha.
  8020 | D:4      | Found a shattered altar of Ashenzari.
  8229 | D:4      | Killed Duvessa
  8522 | D:6      | Found a white marble altar of Elyvilon.
  8699 | D:6      | Learned a level 4 spell: Summon Lightning Spire
  9028 | D:6      | Reached skill level 5 in Spellcasting
  9284 | D:6      | Learned a level 2 spell: Blink
  9465 | D:6      | Found Vedoun's Magic Scroll Shoppe.
  9473 | D:6      | Bought a scroll of teleportation for 39 gold pieces
  9473 | D:6      | Bought a scroll of magic mapping for 45 gold pieces
  9519 | D:6      | Reached skill level 1 in Air Magic
  9706 | D:6      | Reached skill level 1 in Translocations
  9928 | D:6      | Got a faintly glowing spear
  9929 | D:6      | Identified the +8 spear "Byolusur" {freeze, Dex+3} (You
                  | found it on level 6 of the Dungeon)
 10433 | D:7      | Reached XP level 8. HP: 48/57 MP: 19/19
 10853 | D:7      | Noticed a hippogriff
 10861 | D:7      | Killed a hippogriff
 10861 | D:7      | Reached skill level 2 in Air Magic
 10938 | D:7      | Reached skill level 2 in Translocations
 10938 | D:7      | Reached skill level 4 in Ice Magic
 11257 | D:7      | Reached skill level 7 in Summonings
 11385 | D:7      | Got a warped flail
 11579 | D:7      | Reached skill level 1 in Shields
 11583 | D:7      | Reached skill level 3 in Air Magic
 11953 | D:8      | Reached skill level 6 in Spellcasting
 11955 | D:8      | Reached skill level 2 in Shields
 12077 | D:8      | Found a basalt altar of Yredelemnul.
 12151 | D:8      | Reached XP level 9. HP: 43/62 MP: 2/21
 12318 | D:8      | Learned a level 3 spell: Summon Guardian Golem
 12334 | D:8      | Found a snail-covered altar of Cheibriados.
 12365 | D:8      | Found a shadowy altar of Dithmenos.
 12414 | D:8      | Reached skill level 4 in Air Magic
 12620 | D:8      | Noticed Pikel
 12634 | D:8      | Killed Pikel
 12634 | D:8      | Reached skill level 1 in Polearms
 12634 | D:8      | Reached skill level 3 in Shields
 12862 | D:9      | Found a sacrificial altar of Ru.
 13650 | D:9      | Noticed a white ugly thing
 13718 | D:9      | Killed a white ugly thing
 13718 | D:9      | Reached skill level 2 in Polearms
 13759 | D:9      | Reached skill level 8 in Summonings
 13891 | D:9      | Found an opulent altar of Gozag.
 14152 | D:6      | Bought a scroll of torment for 97 gold pieces
 14152 | D:6      | Bought a scroll of vulnerability for 97 gold pieces
 14152 | D:6      | Bought a scroll of holy word for 97 gold pieces
 14227 | D:10     | Entered Level 10 of the Dungeon
 14273 | D:10     | Identified the cursed +2 flail "Igitwyv" {pain, rC+ Dex+3}
                  | (You found it on level 7 of the Dungeon)
 14343 | D:10     | Reached skill level 4 in Shields
 14424 | D:10     | Noticed a two-headed ogre
 14438 | D:10     | Killed a two-headed ogre
 14438 | D:10     | Reached skill level 3 in Polearms
 14487 | D:10     | Reached skill level 7 in Spellcasting
 14589 | D:10     | Killed an unseen horror
 14589 | D:10     | Reached XP level 10. HP: 19/70 MP: 21/24
 14850 | D:10     | Reached skill level 1 in Fighting
 14857 | D:10     | Noticed a two-headed ogre
 14864 | D:10     | Killed a two-headed ogre
 14970 | D:10     | Found Efaudgh's Weapon Shop.
 14970 | D:10     | Found a staircase to the Orcish Mines.
 14986 | D:10     | Reached skill level 2 in Fighting
 15128 | D:10     | Noticed a green ugly thing
 15145 | D:10     | Killed a green ugly thing
 15145 | D:10     | Reached skill level 4 in Polearms
 15145 | D:10     | Reached skill level 5 in Shields
 15830 | D:11     | Reached skill level 2 in Dodging
 15856 | D:11     | HP: 2/74 [something (8)]
 16295 | D:11     | Noticed a two-headed ogre
 16304 | D:11     | Killed a two-headed ogre
 16304 | D:11     | Reached skill level 3 in Fighting
 16304 | D:11     | Reached skill level 1 in Armour
 16304 | D:11     | Reached skill level 9 in Summonings
 16342 | D:11     | Found a corrupted altar of Lugonu.
 16411 | D:11     | Found a staircase to the Lair.
 16450 | D:11     | Noticed a purple ugly thing
 16451 | D:11     | Found a transporter.
 16451 | D:11     | Noticed a purple ugly thing
 16452 | D:11     | Found a transporter.
 16452 | D:11     | Noticed an orb spider
 16512 | D:11     | Noticed a red ugly thing
 16516 | D:11     | Noticed a rakshasa
 16518 | D:11     | Noticed a two-headed ogre
 16519 | D:11     | Noticed a two-headed ogre
 16520 | D:11     | Killed a red ugly thing
 16534 | D:11     | Killed a two-headed ogre
 16534 | D:11     | Reached skill level 2 in Armour
 16604 | D:11     | Reached skill level 3 in Dodging
 16626 | D:11     | Noticed a two-headed ogre
 16637 | D:11     | Killed a two-headed ogre
 16637 | D:11     | Reached skill level 5 in Polearms
 16839 | D:11     | Killed a rakshasa
 16959 | D:11     | Noticed a red ugly thing
 16971 | D:11     | Killed a red ugly thing
 16971 | D:11     | Reached XP level 11. HP: 64/83 MP: 14/25
 17093 | D:11     | Killed an unseen horror
 17093 | D:11     | Reached skill level 4 in Fighting
 17229 | Lair:1   | Entered Level 1 of the Lair of Beasts
 17301 | Lair:1   | Reached skill level 3 in Armour
 17515 | Lair:1   | Reached skill level 4 in Dodging
 17612 | Lair:1   | Noticed Sonja
 17615 | Lair:1   | Noticed Sonja
 17615 | Lair:1   | Sonja changed into Sonja the blink frog
 18073 | Lair:1   | Killed Sonja the blink frog
 18073 | Lair:1   | Reached skill level 1 in Hexes
 18430 | Lair:1   | Upgraded the game from 0.23-a0-677-g07611c5 to
                  | 0.23-a0-681-g26ad783
 18786 | Lair:2   | Reached skill level 6 in Polearms
 18804 | Lair:2   | Reached skill level 4 in Armour
 18980 | Lair:2   | Noticed a four-headed hydra
 18990 | Lair:2   | Killed a four-headed hydra
 18990 | Lair:2   | Reached skill level 5 in Fighting
 18990 | Lair:2   | Reached skill level 2 in Hexes
 19291 | Lair:2   | Noticed a five-headed hydra
 19291 | Lair:2   | Noticed a death yak
 19299 | Lair:2   | Killed a five-headed hydra
 19329 | Lair:2   | Killed a death yak
 19519 | Lair:2   | Reached skill level 5 in Dodging
 19538 | Lair:3   | Found a staircase to the Snake Pit.
 19554 | Lair:3   | Reached skill level 10 in Summonings
 19749 | Lair:3   | Noticed a seven-headed hydra
 19757 | Lair:3   | Killed a seven-headed hydra
 19757 | Lair:3   | Reached skill level 3 in Hexes
 19757 | Lair:3   | Reached skill level 1 in Evocations
 19846 | Lair:3   | Reached XP level 12. HP: 60/94 MP: 17/26
 20229 | Lair:3   | Reached skill level 5 in Armour
 20277 | Lair:3   | Reached skill level 2 in Evocations
 20368 | Lair:3   | Found a staircase to the Swamp.
 20980 | Lair:4   | Reached skill level 6 in Fighting
 21116 | Lair:4   | Reached skill level 7 in Polearms
 21235 | Lair:4   | Reached skill level 4 in Hexes
 21789 | Lair:5   | Reached skill level 6 in Dodging
 21789 | Lair:5   | Reached skill level 3 in Evocations
 22034 | Lair:5   | Found a staircase to the Slime Pits.
 22605 | Lair:5   | Upgraded the game from 0.23-a0-681-g26ad783 to
                  | 0.23-a0-690-g0a1fc62
 22606 | Lair:6   | Entered Level 6 of the Lair of Beasts
 22628 | Lair:6   | Noticed a five-headed hydra
 22641 | Lair:6   | Killed a five-headed hydra
 22641 | Lair:6   | Reached skill level 6 in Armour
 22682 | Lair:6   | Noticed an eight-headed hydra
 22870 | Lair:6   | Killed an eight-headed hydra
 22938 | Lair:6   | Reached skill level 4 in Evocations
 23091 | Lair:6   | Reached XP level 13. HP: 92/104 MP: 27/27
 23224 | Lair:6   | Got a bloodstained scale mail
 23235 | Lair:6   | Identified the +0 scale mail of the Ward {rElec MR- Str+3
                  | Int+4} (You found it on level 6 of the Lair of Beasts)
 23267 | Lair:6   | Reached skill level 7 in Fighting
 23307 | Lair:6   | Reached skill level 8 in Polearms
 23347 | Lair:6   | Reached skill level 7 in Dodging
 23376 | Lair:6   | Got a smoking plate armour
 23387 | Lair:6   | Identified the +8 plate armour of the Sturgeon {rN+} (You
                  | found it on level 6 of the Lair of Beasts)
 24265 | D:12     | Noticed Azrael
 24936 | D:12     | Reached skill level 5 in Evocations
 25212 | D:12     | Killed Azrael
 25716 | Orc:1    | Entered Level 1 of the Orcish Mines
 25716 | Orc:1    | Found a roughly hewn altar of Beogh.
 25746 | Orc:1    | Noticed Fannar
 25764 | Orc:1    | Killed Fannar
 25764 | Orc:1    | Reached skill level 7 in Armour
 25764 | Orc:1    | Reached skill level 11 in Summonings
 25788 | Orc:1    | Noticed Erolcha
 25799 | Orc:1    | Killed Erolcha
 26293 | Orc:1    | Found an iron altar of Okawaru.
 26401 | Orc:2    | Entered Level 2 of the Orcish Mines
 26569 | Orc:2    | Reached skill level 3 in Translocations
 26631 | Orc:2    | Found a roughly hewn altar of Beogh.
 26667 | Orc:2    | Found a roughly hewn altar of Beogh.
 26762 | Orc:2    | Found a roughly hewn altar of Beogh.
 26874 | Orc:2    | Found a roughly hewn altar of Beogh.
 26911 | Orc:2    | Found Syfrae's Gadget Emporium.
 27181 | Orc:2    | Found a roughly hewn altar of Beogh.
 27410 | Orc:2    | Found a roughly hewn altar of Beogh.
 27432 | Orc:2    | Found Xistro De Add's Distillery.
 27484 | Orc:2    | Found a roughly hewn altar of Beogh.
 27523 | Orc:2    | Noticed Saint Roka
 27552 | Orc:2    | Killed Saint Roka
 27552 | Orc:2    | Reached skill level 8 in Fighting
 27576 | Orc:2    | Found Ynnunu's Antique Weapon Boutique.
 27589 | Orc:2    | Found Nuuvvana's Antique Armour Shop.
 27590 | Orc:2    | Found a roughly hewn altar of Beogh.
 27604 | Orc:2    | Bought a pitted helmet for 266 gold pieces
 27618 | Orc:2    | Identified the cursed +0 helmet of the Orb Guardian {rC+}
                  | (You bought it in a shop on level 2 of the Orcish Mines)
 27687 | Orc:2    | Found a staircase to the Elven Halls.
 28011 | D:13     | Found Xarul's Assorted Antiques.
 28031 | D:13     | Bought a curved ivory wand for 112 gold pieces
 28031 | D:13     | Bought 2 bubbling white potions for 50 gold pieces
 28031 | D:13     | Bought a wand of paralysis (11) for 56 gold pieces
 28219 | D:13     | Reached XP level 14. HP: 115/115 MP: 26/29
 28385 | D:13     | Reached skill level 8 in Dodging
 28494 | D:13     | Found Tyobuaf's Book Emporium.
 28633 | D:14     | Reached skill level 6 in Evocations
 28916 | D:14     | Noticed Agnes
 28938 | D:14     | Killed Agnes
 28938 | D:14     | Reached skill level 9 in Polearms
 29420 | D:14     | Reached skill level 5 in Hexes
 29697 | D:14     | Found a gate to the Vaults.
 29859 | D:15     | Entered Level 15 of the Dungeon
 30033 | D:15     | Found a flickering gateway to a bazaar.
 30049 | Bazaar   | Entered a bazaar
 30057 | Bazaar   | Found Umacing's Book Emporium.
 30057 | Bazaar   | Found Gate's Jewellery Shoppe.
 30077 | Bazaar   | Bought a book of Beasts for 880 gold pieces
 30098 | Bazaar   | Learned a level 5 spell: Summon Mana Viper
 30355 | D:15     | Reached skill level 8 in Armour
 30361 | D:15     | Identified a scroll of acquirement
 30557 | D:15     | Found a staircase to the Depths.
 31390 | D:11     | Identified Oseck's Incunabulum of Blows and Bruises and
                  | Poison
 31462 | Lair:1   | Got a warped cloak
 31473 | Lair:1   | Identified the +4 cloak of Purpose {rPois} (You acquired it
                  | on level 1 of the Lair of Beasts)
 31533 | Swamp:1  | Entered Level 1 of the Swamp
 31988 | Swamp:1  | Noticed a thorn hunter
 32016 | Swamp:1  | Killed a thorn hunter
 32058 | Swamp:1  | Found an ancient bone altar of Kikubaaqudgha.
 33410 | Swamp:2  | Noticed a thorn hunter
 33438 | Swamp:2  | Killed a thorn hunter
 33642 | Swamp:2  | Found a transporter.
 34103 | Swamp:2  | Reached skill level 8 in Spellcasting
 34269 | Swamp:2  | Reached skill level 12 in Summonings
 34436 | Swamp:3  | Reached skill level 9 in Fighting
 34460 | Swamp:3  | Reached skill level 7 in Evocations
 34485 | Swamp:3  | Reached XP level 15. HP: 124/124 MP: 31/31
 34494 | Swamp:3  | Learned a level 7 spell: Summon Hydra
 34619 | Swamp:3  | Reached skill level 6 in Hexes
 34919 | Swamp:3  | Noticed a thorn hunter
 35069 | Swamp:3  | Killed a thorn hunter
 35069 | Swamp:3  | Reached skill level 9 in Dodging
 35515 | Swamp:2  | Found a transporter.
 35605 | Swamp:2  | Got a glittering golden ring
 35626 | Swamp:2  | Identified the ring of Light {rPois rF+} (You found it on
                  | level 2 of the Swamp)
 35629 | Swamp:2  | Got a bound iron ring
 35630 | Swamp:2  | Identified the ring of Bodily Harmony {*Contam rElec rF++
                  | Stlth-} (You found it on level 2 of the Swamp)
 35854 | Swamp:4  | Entered Level 4 of the Swamp
 36133 | Swamp:4  | Identified the +7 quarterstaff "Yshric" {antimagic, Int+3}
 36138 | Swamp:4  | Identified the +3 rapier of Wajyuh {speed, -Tele rC+ MR+}
 36159 | Swamp:4  | Noticed Thaneod's ghost (adept VSFi)
 36179 | Swamp:4  | Found a bloodstained altar of Trog.
 36227 | Swamp:4  | Found a transporter.
 36233 | Swamp:4  | Found a transporter.
 36738 | Swamp:4  | Reached skill level 10 in Polearms
 37018 | Swamp:4  | Reached skill level 9 in Armour
 37545 | Swamp:4  | Got a decaying rune of Zot
 37816 | D:6      | Bought a scroll of identify for 26 gold pieces
 37816 | D:6      | Bought a scroll of identify for 26 gold pieces
 38008 | Snake:1  | Entered Level 1 of the Snake Pit
 38293 | Snake:1  | Found Hineryv's Gadget Emporium.
 38293 | Snake:1  | Found Icyhuipn's Weapon Shoppe.
 38294 | Snake:1  | Found Poggiuhe's Book Emporium.
 38298 | Snake:1  | Found Kaanaxaun's Weapon Shoppe.
 38379 | Snake:1  | Found Puir's Gadget Emporium.
 38930 | Snake:2  | Reached skill level 13 in Summonings
 40117 | Snake:3  | Identified Roxanne's Incunabulum of the Mountains
 40117 | Snake:3  | Noticed Roxanne
 40128 | Snake:3  | Reached skill level 8 in Evocations
 40154 | Snake:3  | Killed Roxanne
 40209 | Snake:3  | Noticed a nagaraja
 40222 | Snake:3  | Killed a nagaraja
 40527 | Snake:3  | Learned a level 1 spell: Apportation
 40634 | Snake:3  | Noticed a nagaraja
 40652 | Snake:3  | Killed a nagaraja
 40652 | Snake:3  | Reached XP level 16. HP: 97/134 MP: 29/33
 40798 | Snake:3  | Noticed Kirke
 40822 | Snake:3  | Killed Kirke
 40909 | Snake:4  | Entered Level 4 of the Snake Pit
 40990 | Snake:4  | Reached skill level 10 in Fighting
 41794 | Snake:4  | Reached skill level 10 in Dodging
 42799 | Snake:4  | Reached skill level 10 in Armour
 43273 | Snake:4  | Reached skill level 14 in Summonings
 43293 | Snake:4  | Reached skill level 11 in Polearms
 43330 | Snake:4  | Reached skill level 9 in Evocations
 44000 | Snake:4  | Got a serpentine rune of Zot
 44340 | Elf:1    | Entered Level 1 of the Elven Halls
 44764 | Elf:1    | Found a deep blue altar of Sif Muna.
 44824 | Elf:1    | Identified the +3 flail "Beastbane" {protect, Dex+3}
 45512 | Elf:1    | Identified the Incunabulum of Supportive Conjuration
 45535 | Elf:1    | Noticed Asterion
 45543 | Elf:1    | Noticed an Executioner
 45888 | Elf:1    | Killed Asterion
 46072 | Elf:2    | Reached XP level 17. HP: 90/140 MP: 27/34
 46194 | Elf:2    | Cast into level 2 of the Abyss (a deep elf demonologist)
 46783 | Abyss:2  | Reached skill level 15 in Summonings
 47191 | Abyss:2  | Paralysed by accursed screaming for 1 turns
 47328 | Abyss:2  | Reached skill level 10 in Evocations
 47354 | Elf:2    | Escaped the Abyss
 47429 | Elf:2    | Noticed a Tzitzimitl
 47431 | Elf:2    | Noticed an Ice Fiend
 47792 | Elf:2    | Found a runed gate.
 47792 | Elf:2    | Found a runed gate.
 47865 | Elf:2    | Found a runed gate.
 47873 | Elf:2    | Found Wieho's Book Emporium.
 48565 | Elf:3    | Entered Level 3 of the Elven Halls
 48600 | Elf:3    | Reached skill level 9 in Spellcasting
 48703 | Elf:3    | Reached skill level 12 in Polearms
 48739 | Elf:3    | Noticed a deep elf blademaster
 48741 | Elf:3    | Identified the amulet of Hepliaklqana's Envy {Reflect +Inv
                  | rC+ MR- Str+5 SH+2}
 48745 | Elf:3    | Noticed a deep elf blademaster
 48840 | Elf:2    | Killed a deep elf blademaster
 48917 | Elf:2    | Killed a deep elf blademaster
 49234 | Elf:3    | Noticed a Brimstone Fiend
 49790 | Elf:3    | Learned a level 3 spell: Regeneration
 49829 | Elf:3    | Identified the +8 dagger "Zobasusa" {pierce, *Slow rC++
                  | MP+9 Int+4}
 49829 | Elf:3    | Identified the ring of the Burgomaster {rC+ AC+3 Int+3}
 49948 | Elf:3    | Cast into level 2 of the Abyss (a deep elf demonologist)
 50211 | Abyss:3  | Found a corrupted altar of Lugonu.
 50226 | Elf:3    | Escaped the Abyss
 50237 | Elf:3    | Reached skill level 1 in Charms
 50238 | Elf:3    | Reached skill level 1 in Necromancy
 50541 | Elf:3    | Identified the Papyrus of Unholy Magic
 50564 | Elf:3    | Learned a level 2 spell: Sublimation of Blood
 50635 | Elf:3    | Reached skill level 16 in Summonings
 50687 | Elf:3    | Identified the ring of Qenakusoss {+Fly rF+ SInv} (You
                  | found it on level 3 of the Elven Halls)
 50697 | Elf:3    | Got a slimy bone ring
 50699 | Elf:3    | Identified the ring "Tytsax" {*Tele Str+6} (You found it on
                  | level 3 of the Elven Halls)
 50712 | Elf:3    | Got a transparent bronze ring
 50713 | Elf:3    | Identified the ring of the Empty Page {+Fly rElec rC+} (You
                  | found it on level 3 of the Elven Halls)
 50742 | Elf:3    | Got a smoking ivory ring
 50745 | Elf:3    | Identified the ring "Dynudd" {rElec MR+ MP+9 Dex+2} (You
                  | found it on level 3 of the Elven Halls)
 50757 | Elf:3    | Got a clouded jade ring
 50765 | Elf:3    | Identified the ring of Recklessness {rPois AC+2 Dex+7
                  | Slay-3} (You found it on level 3 of the Elven Halls)
 50852 | Elf:3    | Reached skill level 2 in Charms
 50879 | Elf:3    | Reached skill level 2 in Necromancy
 51258 | Elf:3    | Got a dazzling ring mail
 51269 | Elf:3    | Identified the +1 ring mail of Addeicoa {rElec rF+ Str+7}
                  | (You found it on level 3 of the Elven Halls)
 52253 | Swamp:4  | Killed Thaneod's ghost
 52512 | Vaults:1 | Entered Level 1 of the Vaults
 52960 | Vaults:1 | Upgraded the game from 0.23-a0-690-g0a1fc62 to
                  | 0.23-a0-701-gd76f34b
 52961 | Vaults:1 | Found Gapokuv's Assorted Antiques.
 52972 | Vaults:1 | Bought a potion of curing for 108 gold pieces
 52972 | Vaults:1 | Bought a scroll of identify for 72 gold pieces
 53111 | Vaults:1 | Reached skill level 3 in Charms
 53111 | Vaults:1 | Reached XP level 18. HP: 107/147 MP: 36/36
 53200 | Vaults:1 | Reached skill level 3 in Necromancy
 53700 | Vaults:1 | Reached skill level 10 in Spellcasting
 53974 | Vaults:2 | Reached skill level 4 in Necromancy
 54420 | Vaults:2 | Found a blossoming altar of Fedhas.
 54605 | Vaults:2 | Noticed a bone dragon
 54643 | Vaults:2 | Killed a bone dragon
 54656 | Vaults:2 | Found a staircase to the Crypt.
 54780 | Vaults:2 | Found a roughly hewn altar of Beogh.
 54999 | Vaults:2 | Identified the ring of Suspected Treachery {*Slow +Fly
                  | rElec MR+++ Int+4} (You found it on level 2 of the Vaults)
 56038 | Vaults:3 | Reached skill level 13 in Polearms
 56450 | Vaults:3 | Reached skill level 17 in Summonings
 56450 | Vaults:3 | Reached skill level 5 in Necromancy
 56930 | Vaults:3 | Found Uwaxeci's Gadget Shoppe.
 57002 | Vaults:3 | Reached skill level 6 in Shields
 57101 | Vaults:3 | Noticed a lich
 57144 | Vaults:3 | Killed a lich
 57797 | Vaults:4 | Identified the ring "Hyenuhur" {*Tele *Corrode MP+9 Dex+4}
                  | (You found it on level 4 of the Vaults)
 57819 | Vaults:4 | Reached skill level 11 in Spellcasting
 57918 | Vaults:4 | Reached skill level 7 in Shields
 58155 | Vaults:4 | Reached XP level 19. HP: 154/154 MP: 39/39
 59200 | Vaults:4 | Learned a level 4 spell: Animate Dead
 59340 | Crypt:1  | Entered Level 1 of the Crypt
 59433 | Crypt:1  | Found a runed gate.
 59433 | Crypt:1  | Found a runed gate.
 59434 | Crypt:1  | Found a runed gate.
 59434 | Crypt:1  | Noticed Titucsi's ghost (adept GrFi)
 59658 | Crypt:1  | Found a magical portal.
 59667 | WizLab   | Entered Zonguldrok's Shrine
 60357 | WizLab   | Noticed an antique lich
 60389 | WizLab   | Killed an antique lich
 60398 | WizLab   | Found the +9 sword of Zonguldrok {reap}
 60484 | Crypt:1  | Got a dazzling glaive
 60485 | Crypt:1  | Identified the +4 glaive "Oxaxegob" {antimagic, Int+5} (You
                  | acquired it on level 1 of the Crypt)
 60498 | Crypt:1  | Got a pair of twisted boots
 60509 | Crypt:1  | Identified the -6 pair of boots "Lauma" {Str+5 Dex+4} (You
                  | acquired it on level 1 of the Crypt)
 60518 | Crypt:1  | Got a dazzling hat
 60529 | Crypt:1  | Identified the +0 hat "Cuuduasch" {*Contam +Blink rPois
                  | rF++ rC+++} (You acquired it on level 1 of the Crypt)
 61466 | Vaults:2 | Killed Titucsi's ghost
 61466 | Vaults:2 | Reached skill level 14 in Polearms
 61593 | Vaults:2 | Reached skill level 8 in Shields
 61859 | Crypt:1  | Identified the +1 helmet "Ydiecih" {rN+ MR- Dex+3 Slay+5}
                  | (You found it on level 1 of the Crypt)
 62269 | Depths:1 | Entered Level 1 of the Depths
 62520 | Depths:1 | Found a shattered altar of Ashenzari.
 62750 | Depths:1 | Found a gateway to Hell.
 63032 | D:15     | Upgraded the game from 0.23-a0-701-gd76f34b to
                  | 0.23-a0-703-gdf2d5e0
 63856 | Depths:1 | Found Ihotow's Jewellery Shoppe.
 63856 | Depths:1 | Found Zeomuhax's Gadget Boutique.
 63857 | Depths:1 | Found Kibrul's Gadget Boutique.
 63865 | Depths:1 | Bought a cursed amulet of inaccuracy for 48 gold pieces
 63865 | Depths:1 | Bought a cursed ring of teleportation for 108 gold pieces
 64199 | Depths:2 | Identified the +4 glaive "Faffoes" {antimagic, MR+ MP-9
                  | Str+4 Dex+3} (You found it on level 2 of the Depths)
 64287 | Depths:2 | Found Pokhlu's Antique Artefacts.
 64335 | Depths:2 | Bought a steaming silver ring for 205 gold pieces
 64335 | Depths:2 | Bought a twisted helmet for 389 gold pieces
 64335 | Depths:2 | Bought an opal-encrusted ring mail for 369 gold pieces
 64335 | Depths:2 | Bought a translucent dagger for 287 gold pieces
 64335 | Depths:2 | Bought a warped lead ring for 205 gold pieces
 64335 | Depths:2 | Bought an ancient turquoise ring for 205 gold pieces
 64340 | Depths:2 | Identified the ring of Athruhop {MR+ MP+9 Int+2} (You
                  | bought it in a shop on level 2 of the Depths)
 64346 | Depths:2 | Identified the ring "Leyr" {*Tele rF+ rN++ Str+3 Stlth-}
                  | (You bought it in a shop on level 2 of the Depths)
 64352 | Depths:2 | Identified the ring of Ogotaun {rCorr +Inv MR- Str+2} (You
                  | bought it in a shop on level 2 of the Depths)
 64358 | Depths:2 | Identified the +5 dagger "Demonslayer" {venom, *Slow rF+
                  | rC++ MR+} (You bought it in a shop on level 2 of the
                  | Depths)
 64374 | Depths:2 | Identified the +5 ring mail "Voecatim" {rPois} (You bought
                  | it in a shop on level 2 of the Depths)
 64740 | Depths:2 | Reached skill level 12 in Spellcasting
 64806 | Depths:2 | Reached skill level 9 in Shields
 64827 | Depths:2 | Found a gateway to a ziggurat.
 65581 | Depths:2 | Got a shimmering bardiche
 65590 | Depths:2 | Identified the +2 bardiche of Greed {chop, +Fly MR- Int+10
                  | Dex-3} (You found it on level 2 of the Depths)
 65939 | D:5      | Bought a scroll of identify for 52 gold pieces
 65939 | D:5      | Identified the +1 helmet "Eqorastaod" {-Tele rN+ Int+4}
                  | (You bought it in a shop on level 2 of the Depths)
 66297 | Depths:3 | Reached skill level 11 in Dodging
 66333 | Depths:3 | Found a glowing golden altar of the Shining One.
 66354 | Depths:3 | Reached skill level 11 in Fighting
 66355 | Depths:3 | Reached skill level 11 in Armour
 66434 | Depths:3 | Found a one-way gate leading to the halls of Pandemonium.
 66508 | Depths:2 | Reached XP level 20. HP: 79/165 MP: 31/41
 66580 | Depths:3 | Found a sparkling altar of Nemelex Xobeh.
 67245 | Depths:3 | Identified the +4 halberd "Imyc" {drain, rC+}
 67372 | Depths:3 | Got a brightly glowing fustibalus
 67373 | Depths:3 | Identified the +6 fustibalus "Avisenur" {speed, rElec
                  | rPois} (You found it on level 3 of the Depths)
 67707 | Depths:3 | Found a one-way gate to the infinite horrors of the Abyss.
 68087 | Depths:4 | Noticed Mennas
 68390 | Depths:3 | Killed Mennas
 68741 | Lair:1   | Got a heavily runed shield
 68752 | Lair:1   | Identified the +0 shield of the Prince {rN++ MR- SInv
                  | Stlth+} (You acquired it on level 1 of the Lair of Beasts)
 69219 | Depths:4 | Found a deep blue altar of Sif Muna.
 69346 | Depths:4 | Reached skill level 10 in Shields
 69357 | Depths:4 | Noticed a golden dragon
 69368 | Depths:4 | Killed a golden dragon
 69975 | Depths:4 | Found a corrupted altar of Lugonu.
 70097 | Depths:4 | Learned a level 6 spell: Shadow Creatures
 70160 | Depths:4 | Noticed a caustic shrike
 70167 | Depths:4 | Killed a caustic shrike
 70527 | Depths:5 | Entered Level 5 of the Depths
 70622 | Depths:5 | Noticed a golden dragon
 70649 | Depths:5 | Killed a golden dragon
 70705 | Depths:5 | Found a glowing golden altar of the Shining One.
 70745 | Depths:5 | Reached skill level 12 in Dodging
 70754 | Depths:5 | Found a bloodstained altar of Trog.
 70756 | Depths:5 | Found a shimmering altar of Xom.
 70812 | Depths:5 | Reached skill level 12 in Fighting
 70867 | Depths:5 | Found a gate to the Realm of Zot.
 70887 | Depths:5 | Reached skill level 12 in Armour
 71012 | Depths:5 | Reached skill level 13 in Spellcasting
 71031 | Depths:5 | Noticed a golden dragon
 71043 | Depths:5 | Killed a golden dragon
 71140 | Depths:5 | Upgraded the game from 0.23-a0-703-gdf2d5e0 to
                  | 0.23-a0-726-g9fa1570
 71149 | Depths:5 | Noticed a golden dragon
 71149 | Depths:5 | Noticed a golden dragon
 71171 | Depths:5 | Killed a golden dragon
 71204 | Depths:5 | Killed a golden dragon
 71259 | Depths:5 | Reached XP level 21. HP: 77/174 MP: 44/44
 71472 | Depths:5 | Noticed a caustic shrike
 71491 | Depths:5 | Killed a caustic shrike
 71583 | Depths:5 | Noticed a golden dragon
 71607 | Depths:5 | Killed a golden dragon
 71914 | Depths:5 | Reached skill level 11 in Shields
 71949 | Depths:5 | Noticed a golden dragon
 71967 | Depths:5 | Killed a golden dragon
 72093 | Depths:5 | Identified the +5 morningstar of the Endless Expanse
                  | {freeze, *Slow rF+++ Int+3 Dex+2}
 72093 | Depths:5 | Identified the amulet "Taemax" {Harm -Tele *Drain rF+ rC+
                  | Str+4}
 72155 | Depths:5 | Noticed a golden dragon
 72177 | Depths:5 | Killed a golden dragon
 73262 | Crypt:2  | Reached skill level 14 in Spellcasting
 73847 | Crypt:3  | Entered Level 3 of the Crypt
 74502 | Crypt:3  | Found an ancient bone altar of Kikubaaqudgha.
 74751 | Crypt:3  | Identified the +0 pair of boots "Qisoig" {Regen+ Str+7
                  | Int+2 Dex+2} (You found it on level 3 of the Crypt)
 74919 | Crypt:3  | Reached skill level 13 in Fighting
 75266 | Crypt:3  | Got a flickering lead ring
 75268 | Crypt:3  | Identified the ring "Nijic" {rF+ Str+2 SInv} (You found it
                  | on level 3 of the Crypt)
 75409 | Crypt:3  | Identified the Handbook of the Cankerous Rocks
 75508 | Crypt:3  | Found a staircase to the Tomb.
 75508 | Crypt:3  | Identified the +7 broad axe of the Fox {antimagic, rElec
                  | rPois}
 75508 | Crypt:3  | Noticed Jory
 75545 | Crypt:3  | Killed Jory
 75926 | Lair:1   | Learned a level 5 spell: Summon Demon
 76022 | Slime:1  | Entered Level 1 of the Pits of Slime
 76470 | Slime:5  | Entered Level 5 of the Pits of Slime
 76618 | Slime:5  | Found a viscous altar of Jiyva.
 76619 | Slime:5  | Noticed the Royal Jelly
 76654 | Slime:5  | Killed the Royal Jelly
 76654 | Slime:5  | Reached skill level 12 in Shields
 76654 | Slime:5  | Reached XP level 22. HP: 185/185 MP: 47/47
 76678 | Slime:5  | Upgraded the game from 0.23-a0-726-g9fa1570 to
                  | 0.23-a0-808-gd21de94
 76678 | Slime:5  | Reached skill level 15 in Spellcasting
 76678 | Slime:5  | Reached skill level 18 in Summonings
 76692 | Slime:5  | Paralysed by a great orb of eyes for 7 turns
 76739 | Slime:5  | Identified the Collected Works on Evil and Ice
 76802 | Slime:5  | Identified the +3 rapier "Earthworm" {flame, rElec rF+
                  | Int+2} (You found it on level 5 of the Pits of Slime)
 76831 | Slime:5  | Identified the Disquisition on Lethal Beguiling
 76836 | Slime:5  | Got a slimy rune of Zot
 77286 | Vaults:5 | Entered Level 5 of the Vaults
 77859 | Vaults:5 | Identified the ring "Ysaucw" {rCorr rPois rF++ Str-5}
 77900 | Vaults:5 | Reached skill level 6 in Necromancy
 77927 | Vaults:5 | Identified the +1 plate armour of Knowledge {*Corrode rC+++
                  | Str-5 SInv} (You acquired it on level 5 of the Vaults)
 78106 | Vaults:5 | Noticed Sojobo
 78130 | Vaults:5 | Killed Sojobo
 78227 | Vaults:5 | Reached skill level 7 in Necromancy
 78481 | Vaults:5 | Got a silver rune of Zot
 78812 | Vaults:5 | Found Danur's Antique Weapon Boutique.
 79013 | Vaults:5 | Identified the ring of Baybbuev {rPois rF+ rC+ Dex+8
                  | Slay-4}
 79034 | Vaults:5 | Reached skill level 14 in Fighting
 79109 | Vaults:5 | Noticed Frederick
 79122 | Vaults:5 | Killed Frederick
 79122 | Vaults:5 | Reached skill level 8 in Necromancy
 79413 | Vaults:5 | Identified the Catalogue of Transmutation and Conjuration
 79453 | Vaults:5 | Got a steaming robe
 79464 | Vaults:5 | Identified the cursed +0 robe "Sankob" {rElec rF+ rC-} (You
                  | found it on level 5 of the Vaults)
 79472 | Vaults:5 | Got a faintly humming plate armour
 79478 | Vaults:5 | Identified the +4 plate armour of Precision Catastrophes
                  | {MR+} (You found it on level 5 of the Vaults)
 79657 | Vaults:5 | Identified the cursed +1 flail of Midsummer {crush, *Drain
                  | rC- Str+4 Dex+4}
 79894 | Lair:1   | Upgraded the game from 0.23-a0-808-gd21de94 to
                  | 0.23-a0-831-g5da158a
 80069 | Hell     | Entered the Vestibule of Hell
 80069 | Hell     | Noticed Geryon
 80222 | Hell     | Reached skill level 11 in Evocations
 80230 | Hell     | Reached XP level 23. HP: 78/195 MP: 17/48
 80326 | Hell     | Noticed Murray
 80524 | Hell     | Reached skill level 13 in Shields
 80537 | Depths:1 | Reached skill level 13 in Dodging
 80708 | Depths:1 | Reached skill level 9 in Necromancy
 81070 | Hell     | Found a gateway to the Iron City of Dis.
 81140 | Hell     | Killed Murray
 81245 | Hell     | Killed Geryon
 81287 | Hell     | Found a gateway to the freezing wastes of Cocytus.
 81323 | Hell     | Found a gateway to the decaying netherworld of Tartarus.
 81382 | Hell     | Found a gateway to the ashen valley of Gehenna.
 81548 | Hell     | Upgraded the game from 0.23-a0-831-g5da158a to
                  | 0.24-a0-70-gf44d0c5
 81828 | Crypt:1  | Learned a level 5 spell: Aura of Abjuration
 81835 | Crypt:1  | Learned a level 5 spell: Borgnjor's Vile Clutch
 82418 | Zot:1    | Entered Level 1 of the Realm of Zot
 82520 | Zot:1    | Reached skill level 13 in Armour
 82554 | Zot:1    | Reached skill level 1 in Earth Magic
 82769 | Zot:1    | Got a brightly glowing crystal amulet
 82770 | Zot:1    | Identified the amulet "Peahia" {Inacc Dex+2} (You found it
                  | on level 1 of the Realm of Zot)
 82845 | Zot:1    | Reached skill level 2 in Earth Magic
 83441 | Zot:2    | Reached skill level 3 in Earth Magic
 83453 | Zot:2    | Reached skill level 12 in Evocations
 83596 | Zot:2    | Reached skill level 10 in Necromancy
 84078 | Zot:2    | p0werm0de: oO
 84115 | Zot:2    | mopl: hi
 84213 | Zot:2    | p0werm0de: SA L UT
 84231 | Zot:2    | p0werm0de: please don't burn europe
 84231 | Zot:2    | mopl: ?
 84231 | Zot:2    | p0werm0de: :P
 84231 | Zot:2    | p0werm0de: YELLOW VESTs
 84231 | Zot:2    | p0werm0de: greed
 84231 | Zot:2    | mopl: brb
 84231 | Zot:2    | mopl: see you
 84231 | Zot:2    | p0werm0de: k
 84231 | Zot:2    | Upgraded the game from 0.24-a0-70-gf44d0c5 to
                  | 0.24-a0-84-g25a2d9f
 84351 | Zot:3    | Reached skill level 14 in Dodging
 84865 | Zot:3    | Reached XP level 24. HP: 192/205 MP: 49/49
 85508 | Zot:4    | Found a runed translucent door.
 85512 | Zot:4    | Noticed Uwuciki's ghost (legendary GrWr)
 85648 | Zot:4    | Killed Uwuciki's ghost
 85729 | Zot:5    | Entered Level 5 of the Realm of Zot
 85730 | Zot:5    | Noticed an orb of fire
 85732 | Zot:5    | Noticed an orb of fire
 85736 | Zot:5    | Noticed an orb of fire
 85737 | Zot:5    | Gained mutation: You are weak. (Str -2) [an orb of fire]
 85742 | Zot:5    | Gained mutation: You are very weak. (Str -4) [an orb of
                  | fire]
 85750 | Zot:5    | Gained mutation: Scrolls take you a little longer to read.
                  | [an orb of fire]
 85751 | Zot:5    | Gained mutation: Your mind is acute. (Int +2) [an orb of
                  | fire]
 85751 | Zot:5    | Killed an orb of fire
 85751 | Zot:5    | Reached skill level 11 in Necromancy
 85754 | Zot:5    | Gained mutation: You are occasionally teleported next to
                  | monsters. [an orb of fire]
 85760 | Zot:5    | Lost mutation: Your mind is acute. (Int +2) [an orb of
                  | fire]
 85771 | Zot:5    | Killed an orb of fire
 85776 | Zot:5    | Gained mutation: Scrolls take you longer to read. [an orb
                  | of fire]
 85781 | Zot:5    | Killed an orb of fire
 86266 | Vaults:5 | Lost mutation: You are very weak. (Str -4) [potion of
                  | mutation]
 86266 | Vaults:5 | Lost mutation: You are occasionally teleported next to
                  | monsters. [potion of mutation]
 86266 | Vaults:5 | Lost mutation: Scrolls take you longer to read. [potion of
                  | mutation]
 86266 | Vaults:5 | Gained mutation: You are clumsy. (Dex -2) [potion of
                  | mutation]
 86266 | Vaults:5 | Gained mutation: Your mind is acute. (Int +2) [potion of
                  | mutation]
 86266 | Vaults:5 | Lost mutation: You are clumsy. (Dex -2) [potion of
                  | mutation]
 86447 | Lair:1   | Lost mutation: Your mind is acute. (Int +2) [potion of
                  | mutation]
 86447 | Lair:1   | Lost mutation: Scrolls take you a little longer to read.
                  | [potion of mutation]
 86447 | Lair:1   | Gained mutation: Your body sometimes deteriorates upon
                  | taking damage. [potion of mutation]
 86447 | Lair:1   | Gained mutation: You are resistant to hostile enchantments.
                  | (MR+) [potion of mutation]
 86447 | Lair:1   | Gained mutation: Your natural rate of healing is unusually
                  | fast. [potion of mutation]
 86546 | Orc:2    | Bought a potion of curing for 42 gold pieces
 86546 | Orc:2    | Bought a potion of brilliance for 56 gold pieces
 86546 | Orc:2    | Bought a potion of ambrosia for 112 gold pieces
 86546 | Orc:2    | Bought a potion of brilliance for 56 gold pieces
 86546 | Orc:2    | Bought a potion of agility for 56 gold pieces
 86546 | Orc:2    | Bought a potion of curing for 42 gold pieces
 86546 | Orc:2    | Bought a potion of agility for 56 gold pieces
 86577 | Orc:2    | Bought a box of beasts for 240 gold pieces
 86577 | Orc:2    | Bought a wand of enslavement (5) for 84 gold pieces
 86577 | Orc:2    | Bought a wand of iceblast (7) for 132 gold pieces
 86577 | Orc:2    | Bought a wand of iceblast (10) for 168 gold pieces
 86754 | Snake:1  | Bought a wand of acid (8) for 456 gold pieces
 86754 | Snake:1  | Bought a wand of paralysis (7) for 171 gold pieces
 86754 | Snake:1  | Bought a wand of iceblast (10) for 266 gold pieces
 86754 | Snake:1  | Bought a wand of acid (7) for 418 gold pieces
 86754 | Snake:1  | Bought a box of beasts for 380 gold pieces
 86754 | Snake:1  | Bought a wand of acid (2) for 228 gold pieces
 86781 | Snake:1  | Bought a sack of spiders for 360 gold pieces
 86781 | Snake:1  | Bought a phantom mirror for 540 gold pieces
 86781 | Snake:1  | Bought a sack of spiders for 360 gold pieces
 87089 | Vaults:1 | Bought a wand of acid (9) for 288 gold pieces
 87222 | Vaults:3 | Bought a wand of paralysis (5) for 147 gold pieces
 87222 | Vaults:3 | Bought a sack of spiders for 420 gold pieces
 87222 | Vaults:3 | Bought a sack of spiders for 420 gold pieces
 87222 | Vaults:3 | Bought a wand of paralysis (9) for 231 gold pieces
 87347 | D:13     | Bought a creamy pearl robe for 159 gold pieces
 87347 | D:13     | Bought a wand of digging (5) for 224 gold pieces
 87361 | D:13     | Identified the +0 robe "Emuetok" {Int+3 SInv} (You bought
                  | it in a shop on level 13 of the Dungeon)
 87892 | Zot:5    | Reached skill level 13 in Evocations
 87905 | Zot:4    | Reached skill level 16 in Spellcasting
 87987 | Zot:5    | Noticed an orb of fire
 87996 | Zot:5    | Noticed an orb of fire
 88148 | Zot:5    | Noticed an orb of fire
 88170 | Zot:5    | Gained mutation: You are very weak. (Str -4) [an orb of
                  | fire]
 88171 | Zot:5    | Killed from afar by an orb of fire

Levels and vault maps discovered:

Skill      XL: |  1  2  3  4  5  6  7  8  9 10 11 12 13 14 15 16 17 18 19 20 21 22 23 24 |
---------------+-------------------------------------------------------------------------+-----
Spellcasting   | 2 3 4 5 6 7 8 9 11 12 13 14 15 16 | 16.0
Summonings     | 4 5 6 7 8 9 10 11 12 13 14 16 17 18 | 18.0
Ice Magic      | 1 2 3 4 |  4.1
Air Magic      | 1 3 4 |  4.0
Translocations | 1 2 3 |  3.0
Shields        | 2 4 5 7 9 10 12 13 | 13.7
Polearms       | 3 5 6 7 8 9 10 11 12 13 14 | 14.0
Fighting       | 3 5 6 8 9 10 11 12 13 14 | 14.8
Dodging        | 3 5 6 7 8 9 10 11 12 14 | 14.4
Armour         | 2 4 6 7 8 9 10 11 12 13 | 13.6
Hexes          | 3 4 5 6 |  6.0
Evocations     | 1 4 5 7 8 9 10 11 12 13 | 13.1
Charms         | 3 |  3.0
Necromancy     | 2 5 8 10 11 | 11.1
Earth Magic    | 3 |  3.0
Stealth        | |  1.7

Action                   |  1- 3 |  4- 6 |  7- 9 | 10-12 | 13-15 | 16-18 | 19-21 | 22-24 || total
-------------------------+-------+-------+-------+-------+-------+-------+-------+-------++-------
Melee: Whip              |   165 |   137 |       |       |       |       |       |       ||   302
       Unarmed           |     6 |       |       |       |       |       |       |       ||     6
       Dagger            |       |   158 |   123 |       |       |       |       |       ||   281
       Spear             |       |       |   204 |   846 |  2292 |   817 |       |       ||  4159
       Trident           |       |       |       |       |       |  1985 |  3089 |   232 ||  5306
       Demon trident     |       |       |       |       |       |       |       |  1432 ||  1432
Throw: Tomahawk          |       |       |       |     1 |       |       |       |       ||     1
 Cast: Summon Small Mamm |     2 |       |       |       |       |       |       |       ||     2
       Call Imp          |    14 |    21 |     7 |       |     4 |       |       |       ||    46
       Call Canine Famil |     1 |     8 |    32 |    31 |    68 |    42 |    31 |       ||   213
       Summon Ice Beast  |       |     1 |    45 |    95 |   233 |   208 |   177 |       ||   759
       Summon Lightning  |       |       |    12 |    21 |    72 |   127 |    90 |    16 ||   338
       Summon Guardian G |       |       |       |     2 |    29 |    29 |    39 |     7 ||   106
       Blink             |       |       |       |       |    17 |    15 |    51 |    22 ||   105
       Summon Mana Viper |       |       |       |       |    22 |    51 |    47 |    28 ||   148
       Summon Hydra      |       |       |       |       |       |    68 |    59 |    15 ||   142
       Apportation       |       |       |       |       |       |    13 |     2 |     1 ||    16
       Regeneration      |       |       |       |       |       |    45 |   222 |    90 ||   357
       Sublimation of Bl |       |       |       |       |       |     1 |     7 |     3 ||    11
       Animate Dead      |       |       |       |       |       |       |    37 |     5 ||    42
       Shadow Creatures  |       |       |       |       |       |       |   133 |   267 ||   400
       Summon Demon      |       |       |       |       |       |       |     4 |     5 ||     9
       Aura of Abjuratio |       |       |       |       |       |       |       |     3 ||     3
       Borgnjor's Vile C |       |       |       |       |       |       |       |     2 ||     2
Evoke: Wand              |       |       |     2 |     4 |    13 |     6 |    18 |    47 ||    90
       Sack of spiders   |       |       |       |       |       |     3 |     3 |     2 ||     8
       Lamp of fire      |       |       |       |       |       |       |     2 |     3 ||     5
       Fan of gales      |       |       |       |       |       |       |     1 |     2 ||     3
       Box of beasts     |       |       |       |       |       |       |     1 |     2 ||     3
       Lightning rod     |       |       |       |       |       |       |     1 |    15 ||    16
       Staff of energy   |       |       |       |       |       |       |       |    39 ||    39
       Phial of floods   |       |       |       |       |       |       |       |     1 ||     1
       Phantom mirror    |       |       |       |       |       |       |       |     1 ||     1
  Use: Potion            |     1 |       |     1 |     2 |     3 |     3 |     8 |    26 ||    44
       Scroll            |       |     3 |     8 |     4 |    24 |    12 |    23 |    28 ||   102
 Stab: Distracted        |     1 |       |     5 |    10 |    46 |    44 |    99 |    45 ||   250
       Sleeping          |     3 |     8 |     9 |     6 |     5 |    12 |    12 |     7 ||    62
       Paralysed         |       |       |       |       |    14 |     6 |     3 |       ||    23
       Confused          |       |       |       |       |     1 |       |     1 |       ||     2
  Eat: Chunk             |     6 |    15 |    21 |    36 |    46 |    66 |    53 |    21 ||   264
       Ration            |       |       |     3 |       |     9 |    10 |    17 |     9 ||    48
Armor: Robe              |    37 |    80 |    55 |     8 |       |       |       |       ||   180
       Troll leather arm |       |       |       |    78 |   284 |   365 |   387 |   204 ||  1318
       Skin              |       |       |       |       |       |       |    99 |    66 ||   165
Dodge: Dodged            |   117 |   184 |   185 |   324 |   929 |  1066 |  1072 |   640 ||  4517
       Deflected         |       |       |       |       |     8 |       |       |       ||     8
Block: Buckler           |       |       |     7 |   142 |   493 |   536 |   360 |       ||  1538
       Shield            |       |       |       |       |       |       |   476 |   587 ||  1063

Table legend:
 A = Non-vault XP
 B = Vault XP
 C = Vault XP percentage of total XP
 D = Non-vault monster count
 E = Vault monster count
 F = Vault count percentage of total count
                 A         B        C        D         E       F
            +---------+---------+-------+---------+---------+-------
      Total |  621296 |  595700 |  48.9 |    1747 |     972 |  35.7
            +---------+---------+-------+---------+---------+-------
        D:1 |      53 |       9 |  14.5 |      27 |       8 |  22.9
        D:2 |      97 |      21 |  17.8 |      37 |      11 |  22.9
        D:3 |     111 |       0 |   0.0 |      28 |       0 |   0.0
        D:4 |     357 |     130 |  26.7 |      26 |       2 |   7.1
        D:5 |     299 |       3 |   1.0 |      23 |       1 |   4.2
        D:6 |     573 |      23 |   3.9 |      24 |       1 |   4.0
        D:7 |     809 |     155 |  16.1 |      20 |       6 |  23.1
        D:8 |    1324 |     425 |  24.3 |      42 |       2 |   4.5
        D:9 |     652 |       0 |   0.0 |      11 |       0 |   0.0
       D:10 |    3468 |     158 |   4.4 |      41 |       6 |  12.8
       D:11 |    5998 |    2389 |  28.5 |      43 |      12 |  21.8
       D:12 |    4089 |    3541 |  46.4 |      34 |      16 |  32.0
       D:13 |    5802 |       0 |   0.0 |      20 |       0 |   0.0
       D:14 |   10049 |    1976 |  16.4 |      53 |       2 |   3.6
       D:15 |    3153 |    3947 |  55.6 |      13 |       6 |  31.6
     Lair:1 |    2959 |     247 |   7.7 |      26 |       2 |   7.1
     Lair:2 |    2461 |    2848 |  53.6 |      17 |       9 |  34.6
     Lair:3 |    5034 |     500 |   9.0 |      26 |       4 |  13.3
     Lair:4 |    3868 |       0 |   0.0 |      24 |       0 |   0.0
     Lair:5 |    4285 |    3300 |  43.5 |      18 |      15 |  45.5
     Lair:6 |    5185 |    8064 |  60.9 |      21 |      69 |  76.7
    Swamp:1 |    8245 |       0 |   0.0 |      26 |       0 |   0.0
    Swamp:2 |   10673 |     825 |   7.2 |      33 |       4 |  10.8
    Swamp:3 |   12506 |     188 |   1.5 |      41 |       2 |   4.7
    Swamp:4 |   10881 |   17788 |  62.0 |      38 |      37 |  49.3
    Snake:1 |    7735 |       0 |   0.0 |      19 |       0 |   0.0
    Snake:2 |    3851 |       0 |   0.0 |      11 |       0 |   0.0
    Snake:3 |   12788 |    3444 |  21.2 |      27 |       6 |  18.2
    Snake:4 |   24094 |   20441 |  45.9 |      65 |      44 |  40.4
    Slime:1 |    1732 |       0 |   0.0 |       4 |       0 |   0.0
    Slime:2 |    3883 |       0 |   0.0 |      13 |       0 |   0.0
    Slime:3 |    1006 |       0 |   0.0 |       4 |       0 |   0.0
    Slime:4 |    2373 |       0 |   0.0 |       3 |       0 |   0.0
    Slime:5 |    4300 |   26744 |  86.1 |       5 |       9 |  64.3
      Orc:1 |    2740 |     898 |  24.7 |      42 |       2 |   4.5
      Orc:2 |    4043 |    5499 |  57.6 |      53 |      64 |  54.7
      Elf:1 |   10869 |   10617 |  49.4 |      23 |      18 |  43.9
      Elf:2 |   16810 |    7869 |  31.9 |      38 |       7 |  15.6
      Elf:3 |   11893 |   24234 |  67.1 |      22 |      35 |  61.4
   Vaults:1 |   21674 |   14500 |  40.1 |      45 |      29 |  39.2
   Vaults:2 |    7295 |   13248 |  64.5 |      16 |      41 |  71.9
   Vaults:3 |   25673 |   24371 |  48.7 |      41 |      42 |  50.6
   Vaults:4 |   24144 |    5373 |  18.2 |      56 |      14 |  20.0
   Vaults:5 |   14359 |  113836 |  88.8 |      24 |      96 |  80.0
    Crypt:1 |    8922 |    5422 |  37.8 |      27 |       4 |  12.9
    Crypt:2 |   16563 |       0 |   0.0 |      32 |       0 |   0.0
    Crypt:3 |       0 |   53862 | 100.0 |       0 |     124 | 100.0
   Depths:1 |   42230 |   14965 |  26.2 |      71 |      18 |  20.2
   Depths:2 |   19462 |   13938 |  41.7 |      35 |      17 |  32.7
   Depths:3 |   42938 |   16963 |  28.3 |      76 |      14 |  15.6
   Depths:4 |   27439 |    8486 |  23.6 |      51 |       5 |   8.9
   Depths:5 |    1390 |   93604 |  98.5 |       2 |      90 |  97.8
       Hell |   14759 |   25370 |  63.2 |      34 |      44 |  56.4
      Zot:1 |   31137 |   15313 |  33.0 |      32 |      14 |  30.4
      Zot:2 |   44547 |       0 |   0.0 |      39 |       0 |   0.0
      Zot:3 |   27309 |       0 |   0.0 |      27 |       0 |   0.0
      Zot:4 |    9873 |    6880 |  41.1 |       8 |       3 |  27.3
      Zot:5 |    6386 |   17727 |  73.5 |       7 |       5 |  41.7
    Abyss:2 |   11403 |    2390 |  17.3 |      44 |       7 |  13.7
    Abyss:3 |    3065 |       0 |   0.0 |       4 |       0 |   0.0
     WizLab |    9680 |    3169 |  24.7 |      35 |       5 |  12.5
            +---------+---------+-------+---------+---------+-------
